 Dungeon Crawl Stone Soup version 0.28.0-53-g5a82cb258f (webtiles) character file.

Game seed: 1932491375805910146

26979 Shogun88 the Blocker (level 13, -58/123 HPs)
             Began as a Minotaur Fighter on June 30, 2022.
             Was the Champion of Jiyva.
             Killed from afar by Nikola (80 damage)
             ... with an arc of chain lightning
             ... on level 2 of the Swamp.
             The game lasted 01:37:43 (13594 turns).

Shogun88 the Blocker (Minotaur Fighter)            Turns: 13594, Time: 01:37:44

Health: -58/123    AC: 25    Str: 26    XL:     13   Next: 1%
Magic:  21/21      EV:  7    Int:  5    God:    Jiyva [******]
Gold:   557        SH:  9    Dex: 16    Spells: 12/12 levels left

rFire   + + .      SeeInvis +   n - +1 flail (protect)
rCold   + . .      Faith    .   c - +1 buckler
rNeg    . . .      Spirit   .   o - +2 plate armour {rF+}
rPois   .          Reflect  .   (helmet restricted)
rElec   .          Harm     .   L - +0 cloak
rCorr   +          Rampage  .   (no gloves)
rMut    +                       H - +2 pair of boots
Will    .....                   (no amulet)
Stlth   ..........              A - ring of magical power
HPRegen 1.90/turn               N - +6 ring of dexterity
MPRegen 0.67/turn

@: lethally poisoned (-58 -> -61), very slow
A: horns 2, retaliatory headbutt, iridescent scales 1, cold resistance 1, fire
resistance 1, mutation resistance 3, acidic bite, eyeballs 3, noise suppression
a: Renounce Religion, Oozemancy, Slimify


You were on level 2 of the Swamp.
You worshipped Jiyva.
Jiyva was exalted by your worship.
You visited 4 branches of the dungeon, and saw 15 of its levels.
You also visited: Bailey.

You collected 557 gold pieces.

Inventory:

Hand Weapons
 a - a +0 flail
 g - a +0 short sword of flaming
 i - a +0 giant spiked club
 l - a +0 hand crossbow
 n - a +1 flail of protection (weapon)
 r - a +0 battleaxe
 s - a +0 shortbow
 y - the +5 dagger of the Girdle {vorpal, Fly rF+ rCorr}
   (You found it on level 6 of the Dungeon)

   It inflicts extra damage upon your enemies.
   rF:        It protects you from fire.
   Fly:       It grants you flight.
   rCorr:     It protects you from acid and corrosion.
 z - a +2 vorpal quarterstaff
 E - a +2 hand axe of pain
 I - a +3 great sword
 O - a +0 hunting sling
 R - a +0 scythe
Missiles
 e - 244 stones (quivered)
 f - 2 poisoned darts
 k - 61 sling bullets
 m - a curare-tipped dart
 p - 119 arrows
 x - 6 javelins
 D - 68 bolts
Armour
 b - a +0 scale mail
 c - a +1 buckler (worn)
 o - a +2 plate armour of fire resistance (worn)
 q - a +0 ring mail
 F - a +3 leather armour
 G - a +1 robe of cold resistance
 H - a +2 pair of boots (worn)
 L - a +0 cloak (worn)
 S - +0 steam dragon scales
Magical Staves
 T - a staff of conjuration
Jewellery
 A - a ring of magical power (left hand)
 N - a +6 ring of dexterity (right hand)
Wands
 v - a wand of mindburst (5)
 C - a wand of polymorph (12)
 P - a wand of flame (23)
 Q - a wand of iceblast (2)
Scrolls
 u - 2 scrolls of noise
Potions
 d - 4 potions of might
 h - a potion of cancellation
 j - a potion of berserk rage
 t - a potion of brilliance
 w - 2 potions of heal wounds
 B - 3 potions of lignification {unknown}
 J - 2 potions of degeneration {unknown}


   Skills:
 + Level 13.7 Fighting
 + Level 13.5 Maces & Flails
 + Level 13.7 Armour
 + Level 13.7 Shields


You had 12 spell levels left.
You didn't know any spells.
Your spell library contained the following spells:

 Spells                   Type           Power      Damage    Failure   Level
 Gell's Gravitas          Tloc           0%         N/A       100%        3
 Lesser Beckoning         Tloc           0%         N/A       100%        3
 Teleport Other           Tloc           0%         N/A       100%        3
 Freezing Cloud           Conj/Ice/Air   0%         6-21      100%        5
 Simulacrum               Ice/Necr       0%         N/A       100%        6
 Polar Vortex             Ice            0%         N/A       100%        9


Dungeon Overview and Level Annotations

Branches:
Dungeon (8/15)             Temple (0/1) D:4            Lair (4/6) D:8
  Swamp (2/4) Lair:4       Spider (1/4) Lair:4       Bailey (visited)

Altars:
Ashenzari
Gozag
Uskayaw
Xom
Jiyva

Shops:
D:5 (

Annotations:
D:5 2 runed translucent doors
Lair:2 exclusion: oklob plant
Swamp:2 Nikola


Innate Abilities, Weirdness & Mutations

You have a pair of horns on your head.
You reflexively headbutt those who attack you in melee.
You are partially covered in iridescent scales. (AC +2)
Your flesh is cold resistant. (rC+)
Your flesh is heat resistant. (rF+)
You are almost entirely resistant to further mutation and mutation removal.
You have acidic saliva.
Your body is covered in eyes which may confuse attackers. (Acc +7, SInv)
You passively dampen the noise of your surroundings.


Message History

The swamp dragon is heavily wounded.
You feel very sick.
You feel extremely sick.
It was a potion of heal wounds.
You feel much better.
You feel very sick.
You feel very sick.
The swamp dragon seems less confused.
You feel sick.
You enter the shallow water.
Moving in this stuff is going to be slow.
You feel very sick.
The swamp dragon breathes poison at you.
The blast of poison engulfs you but does no damage.
You are more poisoned.
You are engulfed in poison gas.
You are more poisoned.
* * * LOW HITPOINT WARNING * * *
You feel extremely sick.
Nikola shouts!
You are engulfed in poison gas.
You are lethally poisoned!
* * * LOW HITPOINT WARNING * * *
x2 You feel extremely sick.
Nikola gestures at you while chanting. The bolt of lightning misses you.
The mangrove smoulders and burns.
* * * LOW HITPOINT WARNING * * *
You feel extremely sick.
You enter the shallow water.
Moving in this stuff is going to be slow.
* * * LOW HITPOINT WARNING * * *
You feel extremely sick.
Nikola says, "There's a spark of magic in your eyes."
Nikola casts a spell.
Nikola blinks!
You block Nikola's attack.
You feel much better.
You feel very sick.
Nikola gestures wildly while chanting.
Lightning arcs from Nikola's hands!
The bolt of lightning hits you!!!!
Ouch! That really hurt!
You die...

≈....≈≈≈≈.≈≈♣♣..≈≈..≈..≈≈≈≈≈..≈♣♣
.≈≈≈≈§≈≈≈≈..≈..≈≈≈≈...>≈≈≈≈≈≈≈.≈♣
.≈≈≈≈≈≈≈§≈§≈..≈≈≈≈≈..≈≈.....♣♣..♣
.≈≈≈≈≈≈≈≈.≈≈≈J≈≈≈.≈≈≈.≈≈..≈..≈..♣
.≈≈≈≈≈≈≈..≈≈≈..≈≈.≈...≈≈≈.♣♣..≈≈♣
.≈≈≈≈≈.J...≈≈...♣...§♣...♣♣♣≈..≈.
....≈≈.≈...≈≈..♣♣♣≈≈♣♣♣♣♣♣♣♣.....
≈..≈≈≈.≈...≈≈§♣♣♣♣♣♣♣ ♣......♣
...≈≈≈..>....≈♣♣@...♣ ♣≈≈≈.≈♣♣
♣≈.≈≈........≈..@...♣ ♣.≈≈.♣♣
♣.^.≈≈≈≈≈≈≈..♣..≈...☼♣♣♣♣♣≈..♣♣
♣..≈≈§≈≈≈≈≈≈≈......D°§≈≈♣♣♣≈♣♣
♣.≈≈§≈≈≈≈≈...♣♣..♣♣......≈♣♣≈
..≈≈≈≈§≈≈≈§≈≈≈≈♣≈♣♣♣..≈≈≈≈.♣♣♣
≈.§≈≈≈≈.≈≈♣≈≈≈≈≈≈♣ ♣♣≈≈≈≈≈.≈♣
≈≈≈≈≈≈≈≈≈≈≈≈≈≈≈≈≈≈ ♣♣≈≈≈...♣
≈≈≈≈≈≈.§≈≈♣≈≈≈≈≈♣♣♣ ♣......♣ .


You could see Nikola and a swamp dragon.

Vanquished Creatures
  An eleionoma (Swamp:1)
  3 bunyips
  3 hydras
  A ghost crab (Swamp:2)
  2 alligators
  4 goliath frogs
  3 bog bodies
  An orc sorcerer (Bailey)
  A will-o-the-wisp (Swamp:1)
  2 wolf spiders (Lair:4)
  A black mamba (Lair:1)
  8 cane toads
  A rime drake (Lair:4)
  6 komodo dragons
  3 hornets
  3 tyrant leeches (Swamp:2)
  16 blink frogs
  A culicivora (Lair:4)
  A jumping spider (Lair:4)
  A wyvern (Lair:4)
  A spriggan (Swamp:1)
  4 yaks
  A basilisk (Lair:1)
  2 redbacks (Lair:4)
  8 vampire mosquitoes (Swamp:1)
  2 steam dragons (Lair:4)
  5 swamp worms
  A swamp drake (Swamp:1)
  6 water moccasins
  7 orc warriors (Bailey)
  A necrophage (D:7)
  2 ice beasts
  A black bear (D:5)
  3 ogres
  7 wolves
  3 centaurs
  2 kobold brigands
  7 bullfrogs
  3 scorpions
  A wyvern skeleton (D:7)
  9 wights
  A vampire bat (D:3)
  A howler monkey (D:8)
  A jelly (D:3)
  4 hounds
  2 bullfrog skeletons
  A centaur skeleton (D:4)
  An iguana (D:6)
  Natasha (twice) (D:4)
  7 orc wizards
  2 hound zombies
  7 gnolls
  4 adders
  A howler monkey skeleton (D:7)
  A white imp (D:8)
  An ufetubus (D:5)
  2 worms
  6 dart slugs
  24 orcs
  7 ball pythons
  An endoplasm (D:1)
  16 goblins
  11 hobgoblins
  2 jackals (D:1)
  4 quokkas
  11 bats
  3 frilled lizards (D:2)
  13 kobolds
  4 rats
278 creatures vanquished.

Vanquished Creatures (collateral kills)
  A rime drake (Lair:4)
1 creature vanquished.

Vanquished Creatures (others)
  A spriggan druid (Swamp:1)
  A bloated husk (Swamp:1)
  A hornet (Swamp:1)
  2 spriggans (Swamp:1)
  Menkaure (D:4)
  A vampire mosquito (Swamp:1)
  2 swamp worms (Swamp:2)
  A water moccasin (D:7)
  A swamp drake (Swamp:1)
  A bullfrog (Lair:1)
  A scorpion (D:4)
  An electric eel (Bailey)
  63 jellies
  An orc priest (D:3)
  A hound (D:7)
  3 orc wizards (D:3)
  Natasha (D:4)
  A hound skeleton (D:4)
  2 adders
  2 shadow imps
  3 dart slugs (D:3)
  6 orcs
  5 endoplasms
  A giant cockroach (D:4)
  5 hobgoblins
  5 jackals (D:3)
  4 kobolds
  A quokka (D:4)
  2 ball pythons
  2 bats (D:3)
  A frilled lizard (D:2)
  A goblin (D:4)
  A rat (D:3)
  2 butterflies
  4 foxfires (Swamp:1)
  35 fungi
  29 plants
195 creatures vanquished.

Grand Total: 474 creatures vanquished

Notes
Turn   | Place    | Note
-------+----------+-------------------------------------------
     0 | D:1      | Shogun88 the Minotaur Fighter began the quest for the Orb.
     0 | D:1      | Reached XP level 1. HP: 19/19 MP: 0/0
   591 | D:1      | Reached XP level 2. HP: 23/27 MP: 1/1
  1090 | D:1      | Found a faded altar of an unknown god.
  1093 | D:1      | Prayed at the altar of an unknown god.
  1093 | D:1      | Became a worshipper of Jiyva Jaesm the Shapeless
  1093 | D:1      | Reached * piety under Jiyva
  1126 | D:1      | Reached XP level 3. HP: 33/33 MP: 2/2
  1690 | D:2      | Reached XP level 4. HP: 41/41 MP: 3/3
  1949 | D:2      | Found a broken altar of Ashenzari.
  2062 | D:2      | Reached ** piety under Jiyva
  2340 | D:3      | Reached XP level 5. HP: 47/47 MP: 4/4
  3108 | D:3      | Found an opulent altar of Gozag.
  3564 | D:3      | Was placed under penance by Jiyva
  3782 | D:4      | Noticed an ogre
  3809 | D:4      | Killed an ogre
  3810 | D:4      | Reached skill level 5 in Fighting
  3810 | D:4      | Reached skill level 5 in Armour
  3810 | D:4      | Reached skill level 5 in Shields
  3810 | D:4      | Reached XP level 6. HP: 56/56 MP: 5/5
  4191 | D:4      | Was forgiven by Jiyva
  4199 | D:4      | Noticed Menkaure
  4246 | D:4      | Killed Natasha
  4327 | D:4      | Noticed Natasha
  4341 | D:4      | Killed Natasha
  4379 | D:4      | Reached skill level 5 in Maces & Flails
  4385 | D:4      | Reached XP level 7. HP: 58/62 MP: 6/6
  4489 | D:4      | Noticed Natasha
  4511 | D:4      | Killed Natasha
  4841 | D:4      | Found a staircase to the Ecumenical Temple.
  4875 | D:4      | HP: 4/84 [wight/+0 battleaxe (2)]
  5050 | D:4      | Killed Menkaure
  5450 | D:5      | Entered Level 5 of the Dungeon
  5592 | D:5      | Reached *** piety under Jiyva
  5691 | D:5      | Gained mutation: You expend magic power (3 MP) to
                  | strengthen your wands. [Jiyva's grace]
  5691 | D:5      | Gained mutation: You passively dampen the noise of your
                  | surroundings. [Jiyva's grace]
  5691 | D:5      | Gained mutation: You have a small jelly attached to you
                  | that may absorb projectiles. [Jiyva's grace]
  5691 | D:5      | Gained mutation: You have acidic saliva. [Jiyva's grace]
  5792 | D:5      | Found Sibrif's Weapon Shoppe.
  5827 | D:5      | Reached XP level 8. HP: 71/71 MP: 7/7
  5877 | D:5      | Found a runed translucent door.
  5902 | D:5      | Found a runed translucent door.
  6386 | D:5      | Found a shimmering altar of Xom.
  6497 | D:6      | Identified the +5 dagger of the Girdle {vorpal, Fly rF+
                  | rCorr}
  6553 | D:6      | Reached **** piety under Jiyva
  7141 | D:7      | Found a flagged portal.
  7386 | D:7      | Reached XP level 9. HP: 81/81 MP: 8/8
  7447 | Bailey   | Entered a bailey
  7462 | Bailey   | Gained mutation: You have a small jelly attached to you
                  | that senses nearby items. [Jiyva's grace]
  7462 | Bailey   | Gained mutation: You are partially covered in iridescent
                  | scales. (AC +2) [Jiyva's grace]
  7462 | Bailey   | Gained mutation: You are mostly covered in iridescent
                  | scales. (AC +4) [Jiyva's grace]
  7462 | Bailey   | Gained mutation: You are completely covered in iridescent
                  | scales. (AC +6) [Jiyva's grace]
  7479 | Bailey   | Reached ***** piety under Jiyva
  7589 | Bailey   | Noticed an orc knight
  7612 | Bailey   | Noticed an orc sorcerer
  7647 | Bailey   | Killed an orc sorcerer
  8788 | D:8      | Reached XP level 10. HP: 91/91 MP: 9/9
  8830 | D:8      | Found a hide-covered altar of Uskayaw.
  8974 | D:8      | Found a staircase to the Lair.
  8990 | Lair:1   | Entered Level 1 of the Lair of Beasts
  9149 | Lair:1   | Reached skill level 10 in Fighting
  9149 | Lair:1   | Reached skill level 10 in Armour
  9149 | Lair:1   | Reached skill level 10 in Shields
  9253 | Lair:1   | Noticed a black mamba
  9259 | Lair:1   | Killed a black mamba
  9361 | Lair:1   | Found a gate leading to a gauntlet.
  9390 | Lair:1   | Noticed a cane toad
  9400 | Lair:1   | Killed a cane toad
  9401 | Lair:1   | Reached skill level 10 in Maces & Flails
  9551 | Lair:1   | Noticed a cane toad
  9560 | Lair:1   | Killed a cane toad
  9601 | Lair:1   | Gained mutation: You are somewhat resistant to further
                  | mutation. [Jiyva's grace]
  9601 | Lair:1   | Gained mutation: You are somewhat resistant to both further
                  | mutation and mutation removal. [Jiyva's grace]
  9601 | Lair:1   | Gained mutation: You are almost entirely resistant to
                  | further mutation and mutation removal. [Jiyva's grace]
  9601 | Lair:1   | Gained mutation: Your flesh is heat resistant. (rF+)
                  | [Jiyva's grace]
  9621 | Lair:1   | Noticed a cane toad
  9627 | Lair:1   | Killed a cane toad
 10436 | Lair:2   | Reached XP level 11. HP: 101/101 MP: 10/10
 10716 | Lair:2   | Noticed a six-headed hydra
 10720 | Lair:2   | Slimified a six-headed hydra
 10720 | Lair:2   | Noticed an acid blob
 10720 | Lair:2   | a six-headed hydra changed into an acid blob
 10797 | Lair:2   | Noticed a seven-headed hydra
 10804 | Lair:2   | Killed a seven-headed hydra
 10821 | Lair:2   | Noticed an oklob plant
 11147 | Lair:3   | Reached ****** piety under Jiyva
 11587 | Lair:4   | Found a staircase to the Swamp.
 11588 | Lair:4   | Noticed a bog body
 11588 | Lair:4   | Noticed a bog body
 11600 | Lair:4   | Killed a bog body
 11606 | Lair:4   | Killed a bog body
 11613 | Lair:4   | Noticed a boulder beetle
 11619 | Lair:4   | Slimified a boulder beetle
 11619 | Lair:4   | Noticed an azure jelly
 11619 | Lair:4   | a boulder beetle changed into an azure jelly
 11627 | Lair:4   | Lost mutation: You are completely covered in iridescent
                  | scales. (AC +6) [Jiyva's grace]
 11627 | Lair:4   | Lost mutation: You are mostly covered in iridescent scales.
                  | (AC +4) [Jiyva's grace]
 11627 | Lair:4   | Lost mutation: You have a small jelly attached to you that
                  | senses nearby items. [Jiyva's grace]
 11627 | Lair:4   | Lost mutation: You have a small jelly attached to you that
                  | may absorb projectiles. [Jiyva's grace]
 11627 | Lair:4   | Lost mutation: You expend magic power (3 MP) to strengthen
                  | your wands. [Jiyva's grace]
 11627 | Lair:4   | Gained mutation: Your body has grown eyes which may confuse
                  | attackers. (Acc +3) [Jiyva's grace]
 11627 | Lair:4   | Gained mutation: Your body has grown many eyes which may
                  | confuse attackers. (Acc +5) [Jiyva's grace]
 11627 | Lair:4   | Gained mutation: Your body is covered in eyes which may
                  | confuse attackers. (Acc +7, SInv) [Jiyva's grace]
 11627 | Lair:4   | Gained mutation: Your flesh is cold resistant. (rC+)
                  | [Jiyva's grace]
 11937 | Lair:4   | Noticed a wolf spider
 11939 | Lair:4   | Found a hole to the Spider Nest.
 11945 | Lair:4   | Killed a wolf spider
 11946 | Lair:4   | Reached XP level 12. HP: 107/113 MP: 11/11
 12007 | Spider:1 | Entered Level 1 of the Spider Nest
 12037 | Spider:1 | Noticed an entropy weaver
 12124 | Swamp:1  | Entered Level 1 of the Swamp
 12133 | Swamp:1  | Noticed an alligator
 12146 | Swamp:1  | Killed an alligator
 12216 | Swamp:1  | Noticed a bunyip
 12232 | Swamp:1  | Killed a bunyip
 12233 | Swamp:1  | Noticed an eight-headed hydra
 12240 | Swamp:1  | Killed an eight-headed hydra
 12302 | Swamp:1  | Noticed a six-headed hydra
 12314 | Swamp:1  | Killed a six-headed hydra
 12376 | Swamp:1  | Noticed an eleionoma
 12405 | Swamp:1  | Killed an eleionoma
 12463 | Swamp:1  | Noticed a bunyip
 12498 | Swamp:1  | Killed a bunyip
 12905 | Swamp:2  | Noticed Nikola
 12906 | Swamp:2  | Noticed a bunyip
 12942 | Swamp:2  | Noticed a ghost crab
 13018 | Swamp:2  | Killed a ghost crab
 13038 | Swamp:2  | Killed a bunyip
 13347 | Swamp:2  | Noticed an alligator
 13371 | Swamp:2  | Killed an alligator
 13372 | Swamp:2  | Reached XP level 13. HP: 123/123 MP: 12/12
 13593 | Swamp:2  | HP: 2/123 [poisoned by a swamp dragon (poison gas)]
 13594 | Swamp:2  | Killed from afar by Nikola

Illustrated notes

Levels and vault maps discovered:
D:1:      dpeg_cavernosity, layout_basic,
          hellmonk_ecumenical_altar_inner_sanctum
D:2:      layout_basic, basic_altar, serial_rivers,
          chequers_serial_rivers_small_3, chequers_serial_rivers_small_a,
          chequers_serial_rivers_micro_e, chequers_serial_rivers_micro_c,
          minmay_vboxes
D:3:      layout_basic, nicolae_gozag_cash_rules_everything_around_me,
          roderic_batcave, minmay_starry_boxes
D:4:      minmay_razor_zed, layout_loops_ring, minmay_temple_entry_tees,
          uniq_menkaure, uniq_natasha
D:5:      lemuel_insect_pit, layout_loops_ring, mainiacjoe_overflow_alcove_4,
          serial_shops, nicolae_shop_hallway_stairs
D:6:      layout_rooms
D:7:      layout_basic, enter_bailey_8
D:8:      layout_cave_pools, mainiacjoe_overflow_swirl, dpeg_oklobed_lair,
          serial_ice, serial_ice_d, serial_ice_j, serial_ice_o, serial_ice_m,
          grunt_livestock, grunt_ministairs_7, grunt_ogre_cave
Lair:1:   layout_cave_pods, gauntlet_entry_generic, lemuel_fruit_tree
Lair:2:   layout_hall_layers
Lair:3:   layout_regular_city, serial_bayou_pond_e, lemuel_fruit_fields,
          grunt_megastairs_4
Lair:4:   layout_cave_shapes, skrybe_swamp_entry_bodies,
          spider_nest_entry_funnel_web, lemuel_fruit_fields, grunt_megastairs_3
Swamp:1:  layout_falls_marsh, serial_swamp_ruin, evilmike_swamp_ruin_house_6,
          evilmike_swamp_ruin_rubble_2, swamp_pool5
Swamp:2:  layout_basic_swamp, nicolae_swamp_well_well_well, swamp_pool1,
          uniq_nikola
Spider:1: layout_spider_delve

Skill      XL: |  1  2  3  4  5  6  7  8  9 10 11 12 |
---------------+-------------------------------------+-----
Fighting       | 4 5 6 7 9 10 12 13 | 13.7
Armour         | 4 5 6 7 9 10 12 13 | 13.7
Shields        | 4 5 6 7 9 10 12 13 | 13.7
Maces & Flails | 3 4 5 6 7 9 10 12 13 | 13.5

Action                   |  1- 3 |  4- 6 |  7- 9 | 10-12 | 13-15 || total
-------------------------+-------+-------+-------+-------+-------++-------
Melee: Flail             |   105 |   123 |   379 |   624 |     7 ||  1238
       Headbutt          |     9 |    21 |    68 |   145 |     2 ||   245
       Bite              |       |       |    35 |    81 |     2 ||   118
Throw: Stone             |       |     1 |       |       |       ||     1
Invok: Slimify           |       |       |       |     3 |       ||     3
  Use: Scroll            |     3 |     3 |     5 |     4 |       ||    15
       Potion            |       |     1 |     2 |     1 |     2 ||     6
 Stab: Confused          |       |       |       |    20 |       ||    20
Armor: Scale mail        |    36 |    76 |     8 |       |       ||   120
       Plate armour      |       |       |   262 |   417 |     4 ||   683
Dodge: Dodged            |    41 |    97 |   125 |   201 |     2 ||   466
Block: Buckler           |    36 |    58 |   121 |   227 |     2 ||   444
